 Dungeon Crawl Stone Soup version 0.18-a0-1782-gb76a692 (webtiles) character file.

120 Lovchig the Ruffian (level 4, -6/45 HPs)
             Began as a Troll Monk on Apr 17, 2016.
             Was a Believer of Nemelex Xobeh.
             Mangled by a green ugly thing (8 damage)
             ... summoned by the player character
             ... on level 3 of the Dungeon.
             The game lasted 00:10:19 (1364 turns).

Lovchig the Ruffian (Troll Monk)                    Turns: 1364, Time: 00:10:19

Health: -6/45      AC:  6    Str: 20    XL:     4   Next: 75%
Magic:  3/3        EV: 16    Int:  6    God:    Nemelex Xobeh [**....]
Gold:   51         SH:  0    Dex: 17    Spells: 0 memorised, 3 levels left

rFire  . . .     SeeInvis .       - Unarmed
rCold  . . .     Gourm    +     a - +0 robe
rNeg   . . .     Faith    .     (no shield)
rPois  .         Spirit   .     (helmet restricted)
rElec  .         Dismiss  .     g - +0 cloak
rCorr  .         Reflect  .     (gloves unavailable)
SustAt .         Harm     .     (boots unavailable)
MR     .....                    (no amulet)
Stlth  +++.......               (no ring)
                                (no ring)

@: agile, lethally poisoned (-6 -> -8), hasted, very quick, not resistant to
hostile enchantments, fairly stealthy
A: unfitting armour, claws 3, fast metabolism 3, gourmand, regeneration 2,
shaggy fur 1, tough skin 2
a: Renounce Religion


You were on level 3 of the Dungeon.
You worshipped Nemelex Xobeh.
Nemelex Xobeh was pleased with you.
You were hungry.

You visited 1 branch of the dungeon, and saw 3 of its levels.

You collected 51 gold pieces.

Inventory:

Hand Weapons
 h - a cursed -2 hand axe
Armour
 a - a +0 robe (worn)
 c - a +0 pair of gloves
 g - a +0 cloak (worn)
 i - a +1 helmet
Scrolls
 e - 3 scrolls of teleportation
 f - a scroll of immolation {unknown}
 m - a scroll of identify
 o - a scroll of enchant weapon {unknown}
Potions
 p - a potion of lignification {unknown}
Miscellaneous
 j - a legendary deck of escape
 k - a plain deck of war {drawn: 2}
 l - a plain deck of war
Comestibles
 b - a bread ration
 d - 2 slices of pizza


   Skills:
 * Level 3.2 Fighting
 * Level 1.0 Armour
 * Level 3.0 Dodging
 - Level 1.1 Stealth
 * Level 4.8 Unarmed Combat


You had 3 spell levels left.
You didn't know any spells.

Dungeon Overview and Level Annotations

Branches:
Dungeon (3/15)

Altars:
Cheibriados
Dithmenos
Kikubaaqudgha
Nemelex Xobeh
Sif Muna
Yredelemnul

Annotations:
D:3 ThereIsNoGod's ghost, amateur DsFi


Innate Abilities, Weirdness & Mutations

You are too large for most types of armour.
You have claws for hands.
Your metabolism is lightning-fast.
You like to eat raw meat.
You heal very quickly.
You are covered in fur (AC +1).
You have very tough skin (AC +2).


Message History

You feel sick.
You feel sick. The green ugly thing stings you.
You feel sick.
You claw ThereIsNoGod's ghost!
ThereIsNoGod's ghost is severely damaged.
The green ugly thing stings you.
* * * LOW HITPOINT WARNING * * *
Your purple ugly thing gores ThereIsNoGod's ghost but does no damage.
ThereIsNoGod's ghost closely misses you.
You scratch ThereIsNoGod's ghost.
ThereIsNoGod's ghost is severely damaged.
You feel sick. The green ugly thing misses you.
Your purple ugly thing gores ThereIsNoGod's ghost!
ThereIsNoGod's ghost hits you!
* * * LOW HITPOINT WARNING * * *
It was a potion of haste.
You feel yourself speed up.
* * * LOW HITPOINT WARNING * * *
You feel sick. The green ugly thing stings you!
You die...
Your body glows slightly and disappears.

##.......# #.#####.....#
#..#####.# #.##........# #..##
#.# #.##........# #...##
#.######.##........### ##...#
#.##.....>.........).. #.#.#
#.##.###.##..........# #.#.#
#.##.###)............#
#.#.###.##.##Wu##.<........#
#<#.##..##.#@u.##..........#
###.#.....#......##........>.#
#.....##.....).####..........#
#.............## ############
#.....#...##..#
#.....#.......#
#######...##### #...# #####


You could see a green ugly thing, ThereIsNoGod's ghost and a friendly purple
ugly thing.

Vanquished Creatures
  5 adders
  An ooze (D:1)
  3 worms
  4 dart slugs
  A giant gecko (D:2)
  An orc (D:3)
  3 giant cockroaches (D:1)
  4 goblins
  9 hobgoblins
  2 jackals (D:1)
  6 bats
  2 giant newts
  7 kobolds
  5 rats
  A spectral orc (D:2)
54 creatures vanquished.

Notes
Turn   | Place    | Note
--------------------------------------------------------------
     0 | D:1      | Lovchig the Troll Monk began the quest for the Orb.
     0 | D:1      | Reached XP level 1. HP: 22/22 MP: 0/0
    82 | D:1      | Reached XP level 2. HP: 29/29 MP: 1/1
   244 | D:1      | Reached XP level 3. HP: 36/36 MP: 2/2
   465 | D:2      | Found a snail-covered altar of Cheibriados.
   637 | D:2      | Found a basalt altar of Yredelemnul.
   694 | D:2      | Found a sparkling altar of Nemelex Xobeh.
   708 | D:2      | Became a worshipper of Nemelex Xobeh the Trickster
   708 | D:2      | Received a gift from Nemelex Xobeh
   708 | D:2      | Received a gift from Nemelex Xobeh
   708 | D:2      | Reached * piety under Nemelex Xobeh
   708 | D:2      | Received a gift from Nemelex Xobeh
   708 | D:2      | Reached ** piety under Nemelex Xobeh
   762 | D:2      | Reached XP level 4. HP: 20/45 MP: 3/3
   855 | D:2      | Found a shadowy altar of Dithmenos.
   857 | D:2      | Found a deep blue altar of Sif Muna.
  1028 | D:2      | Found an ancient bone altar of Kikubaaqudgha.
  1146 | D:3      | Reached skill level 1 in Armour
  1342 | D:3      | Noticed ThereIsNoGod's ghost (amateur DsFi)
  1350 | D:3      | Noticed a green ugly thing
  1364 | D:3      | HP: 2/45 [poisoned by a green ugly thing]
  1364 | D:3      | Mangled by a green ugly thing

Vault maps used:
D:1:      roderic_crop_circles_arrival_small
D:2:      kennysheep_slug_shrine, lemuel_round_altar,
          yredelemnul_forgotten_temple_becter, amethyst_overflow_temple_binary,
          first_bread, roderic_three_in_a_row, nemelex_xobeh_ov_fountains_minmay
D:3:      old_standard_altar

Skill      XL: |  1  2  3  4 |
---------------+-------------+-----
Fighting       | 3 |  3.2
Armour         | 1 |  1.0
Dodging        | 3 |  3.0
Stealth        | |  1.1
Unarmed Combat | |  4.8

Action                   |  1- 3 |  4- 6 || total
-------------------------+-------+-------++-------
Melee: Unarmed           |    90 |    51 ||   141
       Punch             |     1 |     2 ||     3
Evoke: Deck              |       |     2 ||     2
  Use: Scroll            |       |     4 ||     4
       Potion            |       |     1 ||     1
 Stab: Sleeping          |     1 |       ||     1
  Eat: Bread ration      |     1 |     1 ||     2
Armor: Robe              |    40 |    22 ||    62
Dodge: Dodged            |    62 |    33 ||    95
